 Dungeon Crawl Stone Soup version 0.26-a0-849-gf1512cd430 (webtiles) character file.

Game seed: 1809329685056644559

84 Descartes the Covert (level 4, -4/21 HPs)
             Began as a Felid Delver on Nov 20, 2020.
             Slain by Sigmund
             ... wielding a +0 scythe
              (15 damage)
             ... on level 2 of the Dungeon.
             The game lasted 00:03:05 (740 turns).

Descartes the Covert (Felid Delver)                  Turns: 740, Time: 00:03:05

Health: -4/21      AC:  1    Str:  9    XL:     4   Next: 24%
Magic:  5/5        EV: 21    Int: 11    God:
Gold:   90         SH:  0    Dex: 17    Spells: 3/3 levels left
                                        Lives:  0   Deaths: 1

rFire    . . .     SeeInvis +     - Unarmed
rCold    . . .     Faith    .   (shield unavailable)
rNeg     . . .     Spirit   .   (armour unavailable)
rPois    .         Reflect  .   (helmet unavailable)
rElec    .         Harm     .   (cloak unavailable)
rCorr    .         Rampage  .   (gloves unavailable)
MR       .....                  (boots unavailable)
Stlth    ++++......             (no amulet)
HPRegen  0.07/turn              (no ring)
MPRegen  0.09/turn              (no ring)

@: quick
A: very small, no armour, no weapons or thrown items, stealth, claws 1, fangs 3,
see invisible, speed 1, shaggy fur 1, sharp paws
a: no special abilities


You were on level 2 of the Dungeon.
You visited 1 branch of the dungeon, and saw 4 of its levels.

You collected 90 gold pieces.

Inventory:

Wands
 e - a wand of digging (3)
Scrolls
 a - a scroll of fog
 b - a scroll of magic mapping
 c - a scroll of fear
 f - 2 scrolls of teleportation {unknown}
Potions
 d - a potion of haste


   Skills:
 - Level 3.0 Fighting
 + Level 5.3 Dodging
 + Level 8.3 Stealth
 - Level 2.0 Unarmed Combat


You had 3 spell levels left.
You didn't know any spells.
Your spell library was empty.

Dungeon Overview and Level Annotations

Branches:
Dungeon (5/15)
 Temple: D:4-7

Altars:

Annotations:
D:2 Sigmund
D:4 1 runed translucent door, stillor's ghost, amateur OpTm


Innate Abilities, Weirdness & Mutations

You cannot wear armour.
You are incapable of wielding weapons or throwing items.
Your paws allow you to move quietly. (Stealth)
You have sharp claws.
You have razor-sharp teeth.
You have supernaturally acute eyesight. (SInv)
You cover ground quickly.
You are covered in fur. (AC +1)
Your sharp claws are effective at attacking unaware monsters.


Message History

No target in view!
You now have 90 gold pieces (gained 7).
You see here a pair of gloves.
A giant cockroach comes into view.
Found a helmet.
Found an escape hatch in the ceiling.
Found a mace.
Sigmund the Dreaded comes into view.
He is wielding a +0 scythe.
The helpless giant cockroach fails to defend itself.
You mangle the giant cockroach!!
You kill the giant cockroach!
Sigmund flickers, as though insubstantial.
Sigmund points at you and mumbles some strange words.
The puff of flame hits you. Sigmund closely misses you.
You closely miss Sigmund. Sigmund hits you with a +0 scythe.
You scratch Sigmund.
Sigmund is lightly wounded.
Sigmund hits you with a +0 scythe!
Ouch! That really hurt!
You die...

......##..####.#####.#
.........##......)...#
#......###.........###
..#######...........#
## #........[..####
#.....<........#
##..........##.#
##...#.........
#####.@.#..8..
#..@##...# #...# ####
#...# #...# #....
#.... ######


You could see Sigmund.

Vanquished Creatures
  A howler monkey (D:5)
  A hound (D:4)
  An iguana (D:4)
  3 adders
  An ooze (D:3)
  An orc (D:5)
  3 bats (D:2)
  2 giant cockroaches
  4 goblins
  3 hobgoblins (D:3)
  2 jackals (D:3)
  A frilled lizard (D:3)
  A kobold (D:2)
  A leopard gecko skeleton (D:5)
  A rat (D:3)
26 creatures vanquished.

Notes
Turn   | Place    | Note
-------+----------+-------------------------------------------
     0 | D:5      | Descartes the Felid Delver began the quest for the Orb.
     0 | D:5      | Reached XP level 1. HP: 10/10 MP: 2/2
    13 | D:5      | Noticed a howler monkey
    17 | D:5      | Killed a howler monkey
    18 | D:5      | Reached skill level 7 in Stealth
    18 | D:5      | Reached XP level 2. HP: 14/14 MP: 3/3
    18 | D:5      | Reached XP level 3. HP: 17/17 MP: 4/4
    91 | D:4      | Reached XP level 4. HP: 21/21 MP: 5/5
   140 | D:4      | Found a runed translucent door.
   156 | D:4      | Reached skill level 8 in Stealth
   173 | D:4      | Noticed stillor's ghost (amateur OpTm)
   257 | D:3      | Reached skill level 5 in Dodging
   608 | D:2      | Slain by a kobold
   609 | D:2      | Reached XP level 3. HP: -1/17 MP: 4/4
   629 | D:2      | Reached XP level 4. HP: 21/21 MP: 5/5
   731 | D:2      | Noticed Sigmund
   740 | D:2      | Slain by Sigmund

Illustrated notes

Levels and vault maps discovered:
D:2:      layout_rooms, amethyst_overflow_temple_binary,
          mrwooster_statue_mirror, uniq_terence, uniq_jessica, uniq_sigmund
D:3:      layout_rooms, serial_bayou_pond_c, uniq_grinder
D:4:      layout_rooms, old_standard_altar, elyvilon_altar_3,
          ebering_ghost_reflecting_pool
D:5:      layout_loops_ring, kennysheep_mini_moat, kennysheep_small_spiral,
          grunt_qazlal_sundering

Skill      XL: |  1  2  3  4 |
---------------+-------------+-----
Dodging        | 4 5 |  5.3
Stealth        | 7 8 |  8.3
Fighting       | |  3.0
Unarmed Combat | |  2.0

Action                   |  1- 3 |  4- 6 || total
-------------------------+-------+-------++-------
Melee: Unarmed           |    10 |    93 ||   103
       Bite              |     1 |     6 ||     7
  Use: Potion            |       |     3 ||     3
 Stab: Sleeping          |     3 |     6 ||     9
Armor: Skin              |       |     3 ||     3
Dodge: Dodged            |     4 |    97 ||   101

Table legend: (Time is in decaauts)
 A = Elapsed time spent in this place.
 B = Non-inter-level travel time spent in this place.
 C = Inter-level travel time spent in this place.
 D = Time resting spent in this place.
 E = Time spent auto-exploring this place.
 F = Levels seen in this place.
 G = Mean time per level.
                   A        B        C        D        E       F      G
               +--------+--------+--------+--------+--------+-----+--------+
         Total |    646 |    646 |      0 |    100 |    187 |   4 |  161.5 |
       Dungeon |    646 |    646 |      0 |    100 |    187 |   4 |  161.5 |
               +--------+--------+--------+--------+--------+-----+--------+

Top non-repeatable levels by time:
     D:3: 340 daAuts
     D:2: 131 daAuts
     D:4: 112 daAuts
     D:5: 60 daAuts
